Map: Newkirk Precinct TE (Void)

Players

llllllllllll

  • Race: Terran Terran
  • Spawn Location: 5:00

Railgan - Winner!

  • Race: Zerg Zerg
  • League: Grandmaster
  • Spawn Location: 7:00

VOD

https://www.youtube.com/watch?v=Ap-IS9QBxM8

Description

Time

  • Played on: April 1, 2017, 2:08 p.m.
  • Length: 14:17
Show
View Real Time Build Order
Export as new Build Order

llllllllllll Terran 

Build Orders: Reaper Expand, MMM Bio 

Get SALT Encoding   

  12  0:00  SCV  
  13  0:12  SCV  
  14  0:18  Supply Depot  
  14  0:24  SCV  
  15  0:40  SCV  
  15  0:42  Barracks  
  16  0:46  Refinery  
  16  0:52  SCV  
  17  1:04  SCV  
  18  1:16  SCV  
  19  1:29  Orbital Command, Reaper  
  20  1:43  Command Center  
  20  1:54  Barracks  
  20  1:56  SCV  
  21  2:02  Barracks Reactor  
  21  2:07  Supply Depot  
  21  2:09  SCV  
  22  2:16  Refinery  
  22  2:22  SCV  
  23  2:32  Factory  
  23  2:34  SCV  
  24  2:40  Marine x2  
  24  2:42  Barracks Tech Lab  
  26  2:47  SCV  
  27  2:56  Orbital Command  
  27  2:58  Marine  
  28  3:05  Marine  
  28  3:06  Stimpack  
  29  3:14  SCV  
  29  3:19  Starport  
  30  3:25  Factory Reactor, Marine x2  
  32  3:30  SCV  
  32  3:32  SCV  
  34  3:35  Marine  
  35  3:42  SCV  
  35  3:43  Marine  
  35  3:44  SCV  
  38  3:54  SCV  
  39  3:56  SCV, Supply Depot  
  39  4:01  Supply Depot  
  40  4:06  SCV  
  40  4:08  SCV, Medivac x2  
  40  4:09  Factory Tech Lab  
  46  4:18  Marine x3  
  46  4:22  Engineering Bay  
  49  4:26  SCV, Refinery  
  49  4:27  SCV  
  50  4:35  Marine x2  
  50  4:36  Siege Tank  
  50  4:37  Supply Depot  
  55  4:43  Supply Depot  
  55  4:44  Marine  
  56  4:47  SCV  
  56  4:48  SCV  
  56  4:51  Terran Infantry Weapons Level 1  
  58  4:53  Marine x2  
  58  4:59  SCV  
  61  5:00  SCV  
  61  5:03  Barracks  
  62  5:11  SCV  
  62  5:12  SCV  
  64  5:18  Barracks  
  64  5:20  Barracks  
  64  5:24  Combat Shields  
  64  5:29  SCV  
  64  5:30  SCV  
  64  5:31  Marine x3  
  60  5:42  SCV x2  
  62  5:47  Medivac  
  62  5:49  Marine  
  65  5:52  Barracks Reactor  
  65  5:57  SCV x2  
  67  6:00  Command Center  
  67  6:03  Siege Tank  
  70  6:06  Supply Depot  
  70  6:12  SCV x2  
  70  6:13  Refinery  
  70  6:14  Marine x3  
  76  6:23  Viking  
  78  6:28  SCV x2  
  78  6:30  Supply Depot  
  80  6:32  Marine  
  80  6:33  Marine x3  
  80  6:34  Barracks Reactor x2  
  80  6:38  Supply Depot  
  83  6:42  Armory  
  83  6:45  Engineering Bay  
  84  6:47  SCV x2  
  84  6:52  Supply Depot  
  85  6:55  Terran Infantry Armor Level 1  
  85  6:59  SCV  
  85  7:00  Marine x3  
  89  7:09  Siege Tank  
  92  7:17  Orbital Command  
  92  7:20  Marine x6  
  92  7:21  Supply Depot  
  98  7:23  Supply Depot  
  98  7:24  Medivac  
  98  7:27  Medivac  
  98  7:28  Marine  
  103  7:35  SCV x2  
  105  7:39  Terran Infantry Weapons Level 2  
  105  7:41  Marine  
  105  7:42  Marine x2  
  107  7:52  Marine x4  
  107  7:56  SCV x2  
  112  8:03  Siege Tank, Orbital Command  
  112  8:04  Missile Turret  
  115  8:09  Medivac  
  115  8:10  Medivac, Marine x4  
  123  8:19  Supply Depot x2  
  123  8:24  SCV x2  
  125  8:30  Terran Vehicle Weapons Level 1  
  125  8:31  SCV  
  125  8:32  Marine x4  
  130  8:34  Marine  
  130  8:35  Siege Tank, Marine  
  130  8:36  SCV  
  134  8:41  Marine x3  
  137  8:50  Marine x2  
  139  8:58  Marine x2  
  139  9:00  Marauder  
  119  9:08  Siege Tank  
  107  9:11  Marine x5  
  107  9:12  Medivac, Marine  
  107  9:13  Medivac  
  107  9:17  Terran Infantry Armor Level 2  
  111  9:18  Factory, Marine x2  
  111  9:21  Marauder  
  115  9:29  Marine x3  
  118  9:37  Marine x4  
  122  9:42  Barracks, Marauder  
  122  9:43  Barracks  
  122  9:45  Barracks, Siege Tank  
  127  9:48  Missile Turret  
  127  9:51  Missile Turret  
  127  9:52  Supply Depot  
  127  9:53  Supply Depot  
  127  9:54  Supply Depot  
  127  9:56  Terran Infantry Weapons Level 3  
  127  10:04  Marauder, Marine  
  130  10:08  Marine x4  
  130  10:09  Marine  
  130  10:11  Medivac x2  
  136  10:25  Marauder  
  136  10:26  Marine x5  
  141  10:30  Barracks Tech Lab x2  
  141  10:32  Supply Depot  
  141  10:33  Factory Tech Lab  
  141  10:34  Refinery, Supply Depot  
  141  10:36  Refinery, Supply Depot  
  141  10:37  Supply Depot  
  141  10:38  Marine x3  
  144  10:47  Marauder  
  144  10:49  Barracks Tech Lab  
  146  10:51  Supply Depot, Marauder x2, Marine x2  
  146  10:53  Supply Depot  
  146  10:56  Marine x3  
  155  11:02  Terran Vehicle Weapons Level 2  
  155  11:03  Marine x2  
  155  11:04  Marine  
  158  11:08  Marauder x2, Marine  
  163  11:12  Marauder x2  
  163  11:16  Siege Tank  
  163  11:17  Siege Tank  
  173  11:21  Marine  
  174  11:29  Marauder x2  
  178  11:46  Marauder x2, Marine x2  
  153  11:50  Siege Tank x2  
  153  11:51  Marauder  
  153  11:56  Marauder, Marine x2  
  153  11:59  Marine x2  
  159  12:08  Marauder x2  
  160  12:11  Marine x2  
  160  12:12  Marauder  
  151  12:18  Marauder  
  152  12:27  Medivac x2  
  152  12:28  Marine x3  
  152  12:29  Marauder x2, Marine x3  
  143  12:39  Marine x2  
  145  12:46  Marine  
  145  12:47  Marauder, Marine x3  
  151  12:57  Medivac x2  
  155  12:58  Marine x2  
  155  12:59  Marauder x2, Marine x2  
  163  13:11  Marauder x2, Marine  
  168  13:15  Marine x2  
  168  13:16  Marine  
  171  13:21  Marauder, Concussive Shells  
  168  13:27  Medivac x2  
  168  13:29  Marine x2  
  168  13:30  Marine  
  166  13:47  Marauder, Marine x2  
  166  13:48  Marauder x3  
Show
View Real Time Build Order
Export as new Build Order

Railgan Zerg - Winner!

Build Orders: Pool First 

Get SALT Encoding   

  12  0:01  Drone  
  13  0:15  Overlord  
  13  0:18  Drone  
  14  0:33  Drone  
  14  0:34  Drone  
  16  0:38  Drone  
  17  0:49  Drone, Spawning Pool  
  17  1:11  Hatchery  
  16  1:13  Drone  
  17  1:18  Drone  
  17  1:22  Extractor  
  17  1:23  Drone  
  18  1:33  Drone  
  18  1:37  Queen  
  21  1:42  Zergling x2  
  22  1:52  Overlord  
  22  2:10  Drone  
  22  2:13  Queen  
  22  2:14  Drone  
  26  2:22  Metabolic Boost  
  26  2:24  Drone  
  26  2:25  Drone, Queen  
  30  2:38  Drone x2  
  32  2:47  Drone x3  
  32  2:48  Overlord  
  32  2:49  Drone  
  36  2:54  Evolution Chamber  
  35  2:59  Drone  
  35  3:07  Drone x2  
  37  3:14  Drone  
  38  3:21  Zergling x2  
  39  3:27  Drone  
  39  3:28  Drone x3  
  39  3:31  Zerg Ground Armor Level 1  
  43  3:39  Zergling x2  
  44  3:43  Overlord  
  44  3:57  Overlord x2  
  44  3:59  Lair  
  44  4:02  Extractor x2  
  42  4:03  Drone  
  42  4:04  Drone x4  
  42  4:05  Drone  
  42  4:09  Drone, Extractor  
  48  4:11  Drone, Queen  
  48  4:14  Zergling x2  
  48  4:16  Drone x2  
  54  4:25  Drone  
  54  4:27  Drone  
  56  4:31  Drone  
  56  4:32  Drone x2  
  56  4:35  Overlord  
  59  4:43  Zergling x8  
  63  4:53  Zergling x2  
  63  4:54  Hatchery, Zergling x2  
  63  4:57  Queen x2  
  68  5:00  Infestation Pit  
  68  5:03  Zergling x8  
  68  5:06  Overlord  
  71  5:09  Overlord  
  71  5:13  Zergling x6  
  73  5:33  Zergling x2  
  73  5:34  Zergling x4  
  73  5:39  Zerg Ground Armor Level 2  
  73  5:42  Evolution Chamber  
  73  5:43  Hive  
  73  5:44  Burrow  
  73  5:45  Infestor  
  73  5:47  Drone x2  
  74  5:52  Drone x4  
  74  5:54  Drone  
  77  5:58  Hatchery  
  77  5:59  Pathogen Glands  
  76  6:13  Zerg Melee Weapons Level 1  
  76  6:25  Infestor  
  76  6:27  Infestor  
  76  6:29  Drone  
  76  6:30  Drone x2, Extractor  
  76  6:31  Overlord  
  82  6:35  Overlord  
  82  6:36  Extractor  
  82  6:38  Overlord  
  81  6:46  Overlord, Hatchery  
  80  6:49  Zergling x2  
  80  6:50  Zergling x12  
  81  7:08  Zergling x6  
  84  7:12  Ultralisk Cavern  
  84  7:13  Zergling x2  
  84  7:17  Queen  
  84  7:20  Drone x8  
  94  7:23  Extractor  
  94  7:25  Infestor  
  94  7:27  Drone  
  96  7:37  Drone x2  
  98  7:54  Overseer  
  98  8:03  Chitinous Plating  
  96  8:06  Zerg Ground Armor Level 3  
  96  8:08  Ultralisk  
  96  8:09  Ultralisk  
  107  8:13  Drone x4  
  107  8:14  Drone  
  107  8:16  Zergling x14  
  107  8:18  Overlord  
  119  8:22  Overlord  
  119  8:38  Extractor  
  118  8:42  Ultralisk x2, Extractor  
  118  8:45  Zergling x10  
  130  8:53  Ultralisk  
  122  9:05  Zergling x6  
  122  9:11  Zergling x16  
  122  9:12  Zergling x2  
  122  9:14  Zergling x2  
  129  9:26  Infestor x3  
  129  9:28  Zergling x4  
  135  9:31  Spire  
  135  9:35  Zergling x2  
  135  9:39  Overlord  
  135  9:40  Overlord x2  
  135  9:41  Overlord  
  135  9:43  Zerg Melee Weapons Level 2  
  135  9:58  Overlord  
  136  10:14  Zergling x8  
  136  10:19  Drone x2  
  136  10:20  Drone x3  
  133  10:32  Zergling x2  
  133  10:33  Drone x11  
  145  10:42  Spore Crawler, Corruptor  
  144  10:43  Corruptor  
  148  10:53  Zergling x12  
  154  10:58  Corruptor x4  
  154  10:59  Corruptor x2  
  166  11:05  Zergling x2  
  166  11:08  Corruptor  
  166  11:10  Greater Spire  
  166  11:11  Overlord  
  169  11:12  Zergling x4  
  171  11:20  Overlord x3  
  171  11:29  Overlord  
  171  11:32  Zergling x16  
  163  11:49  Zergling x12  
  164  11:55  Zergling x2  
  164  11:56  Zergling x12  
  166  12:04  Zergling x2  
  166  12:07  Drone  
  166  12:08  Drone, Zergling x2  
  160  12:11  Drone x3  
  160  12:14  Extractor  
  158  12:16  Zergling x10  
  158  12:21  Zergling x2  
  157  12:27  Zergling x2  
  157  12:29  Zergling x2  
  156  12:35  Brood Lord x6  
  156  12:36  Brood Lord  
  170  12:39  Infestor x2  
  170  12:41  Extractor  
  173  12:50  Corruptor  
  175  12:55  Pneumatized Carapace  
  175  13:05  Corruptor x2  
  175  13:10  Zergling x14  
  175  13:11  Zergling x2  
  179  13:21  Zergling x2  
  179  13:22  Zergling x12  
  184  13:30  Hatchery  
  184  13:31  Infestor x8  
  184  13:33  Corruptor  
  185  13:37  Corruptor  
  186  13:46  Zergling x2  
  164  13:51  Zergling x12  
  164  13:54  Zergling x2  
  164  13:55  Zergling x10  
Tags
 
Add a new tag
Caveats
  • Supply blocks, unpowered buildings, or Contaminate may cause inaccurate times.
  • Supply counts are checked every 10 seconds.